 Dungeon Crawl Stone Soup version 0.17-a0-1515-gfae3d72 (webtiles) character file.

55 amnekian the Slasher (level 4, -2/29 HPs)
             Began as a Halfling Gladiator on July 12, 2015.
             Slain by an adder (3 damage)
             ... on level 1 of the Dungeon.
             The game lasted 00:04:16 (1899 turns).

amnekian the Slasher (Halfling Gladiator)           Turns: 1899, Time: 00:04:16

Health: -2/29      AC:  4    Str: 15    XL:     4   Next: 14%
Magic:  4/4        EV: 15    Int:  8    God:
Gold:   68         SH:  0    Dex: 14    Spells: 0 memorised, 3 levels left

rFire  . . .     SeeInvis .     a - +0 long sword
rCold  . . .     Clarity  .     f - +0 leather armour
rNeg   . . .     SustAt   .     (shield restricted)
rPois  .         Gourm    .     c - +0 helmet
rElec  .         Spirit   .     (no cloak)
rCorr  .         Warding  .     (no gloves)
rMut   .         Stasis   .     (no boots)
MR     .....                    (no amulet)
Stlth  +.........               (no ring)
                                (no ring)

@: lethally poisoned (-2 -> -9), not resistant to hostile enchantments, very
unstealthy
A: mutation resistance 1
a: no special abilities


You were on level 1 of the Dungeon.
You were not hungry.

You visited 1 branch of the dungeon, and saw 2 of its levels.

You collected 68 gold pieces.

Inventory:

Hand weapons
 a - a +0 long sword (weapon)
 b - a +0 hunting sling
Missiles
 d - 3 throwing nets (quivered)
 n - 25 stones
Armour
 c - a +0 helmet (worn)
 f - a +0 leather armour (worn)
 o - a +0 shield
Scrolls
 k - a scroll of fear {unknown}
 m - a scroll of random uselessness {unknown}
 p - a scroll of noise {unknown}
 q - a scroll of fog {unknown}
Potions
 i - a potion of lignification {unknown}
 j - a potion of brilliance {unknown}
 l - 2 potions of magic {unknown}
 r - a potion of heal wounds {unknown}
Comestibles
 e - 3 bread rations
 g - a beef jerky


   Skills:
 - Level 1.7 Fighting
 + Level 4.7 Long Blades
 - Level 2.6 Throwing
 - Level 3.2 Dodging


You had 3 spell levels left.
You didn't know any spells.

Dungeon Overview and Level Annotations

Branches:
Dungeon (2/15)

Altars:


Innate Abilities, Weirdness & Mutations

You are small and have problems with some larger weapons.
You are somewhat resistant to further mutation.


Message History

The adder bites you.
You climb upwards.
You feel sick.
There is a stone staircase leading down here.
You slash the adder!
The adder is severely wounded.
* * * LOW HITPOINT WARNING * * *
You feel sick. The quokka closely misses you. The adder bites you.
* * * LOW HITPOINT WARNING * * *
The goblin closely misses you. The quokka closely misses you.
The adder bites you.
* * * LOW HITPOINT WARNING * * *
Unknown command.
Unknown command.
* * * LOW HITPOINT WARNING * * *
You feel sick. The goblin barely misses you. The quokka barely misses you.
The adder bites you but does no damage. The goblin misses you.
The quokka bites you.
* * * LOW HITPOINT WARNING * * *
The adder bites you.
You die...

....#####.#...######...........#
)...# #.##......#............#
....# #.##..#.###............#
....# #.##.>#.# #............#
##### #.###.#.###..รท...).....#
#.# #.#................# #.#
#.#####............# #.#
#.#####............# #.#
#.##@#.#)#.........# #.#
#.#Srg.............#
#.###..#.#.#.#..########
#...........)...#
########.#.#.#.## #........#
##.#.#.#.# ###.....# #######


You could see an adder, a quokka and a goblin.

Vanquished Creatures
  2 oozes
  A worm (D:2)
  A giant gecko (D:2)
  3 giant cockroaches (D:1)
  9 goblins
  5 hobgoblins (D:1)
  3 jackals
  4 bats
  5 giant newts (D:1)
  5 kobolds
  3 rats
41 creatures vanquished.

Notes
Turn   | Place    | Note
--------------------------------------------------------------
     0 | D:1      | amnekian the Halfling Gladiator began the quest for the Orb.
     0 | D:1      | Reached XP level 1. HP: 14/14 MP: 1/1
     2 | D:1      | Noticed an electric eel
   147 | D:1      | Reached XP level 2. HP: 12/19 MP: 2/2
   518 | D:1      | Reached skill level 4 in Long Blades
   518 | D:1      | Reached XP level 3. HP: 16/24 MP: 3/3
  1369 | D:2      | Reached XP level 4. HP: 29/29 MP: 4/4
  1899 | D:1      | HP: 1/29 [quokka (1)]
  1899 | D:1      | Slain by an adder

Vault maps used:
D:1:      arrival_aquarium_a, st_stairs_8, minmay_misc_feat_encased
D:2:      grunt_dithmenos_smoke_and_mirrors, tgw_fedhas, first_bread, uniq_robin

Action                   |  1- 3 |  4- 6 || total
-------------------------+-------+-------++-------
Melee: Long sword        |    92 |    39 ||   131
 Stab: Sleeping          |     1 |       ||     1
  Eat: Chunk             |     1 |     2 ||     3
